 Dungeon Crawl Stone Soup version 0.31-a0-161-gb58dd9be76 (webtiles) character file.

Game seed: 425470006850417806

7646 qw the Skirmisher (level 11, 0/103 HPs)
             Began as a Naga Hunter on June 12, 2023.
             Was a Believer of Okawaru.
             Slain by a four-headed hydra (12 damage)
             ... on level 1 of the Lair of Beasts.
             The game lasted 00:03:35 (10342 turns).

qw the Skirmisher (Naga Hunter)                    Turns: 10342, Time: 00:03:36

Health: 0/103      AC:  8    Str: 14    XL:     11   Next: 18%
Magic:  13/14      EV: 23    Int: 10    God:    Okawaru [**....]
Gold:   357        SH:  0    Dex: 24    Spells: 10/10 levels left

rFire   x . .        Y - +0 arbalest
rCold   . . .        (shield currently unavailable)
rNeg    + . .        n - +1 robe "Biunuut" {rF- rN+ Will+++ Archmagi}
rPois   +            h - +1 helmet
rElec   .            (no cloak)
rCorr   .            (no gloves)
SInv    +            (no barding)
Will    ++++.        (no amulet)
Stlth   ++++         e - +6 ring of dexterity
HPRegen 0.37/turn    i - +5 ring of evasion
MPRegen 0.14/turn

%: archmagi
@: about to teleport, heroic, very slow
A: AC +3, large, see invisible, deformed body, poison resistance, slowness 2,
spit poison 1, naga tail 1
a: Spit Poison, Renounce Religion, Heroism


You were on level 1 of the Lair of Beasts.
You worshipped Okawaru.
Okawaru was pleased with you.
You visited 2 branches of the dungeon, and saw 10 of its levels.
You also visited: Sewer.

You collected 474 gold pieces.
You spent 117 gold pieces at shops.


Innate Abilities, Weirdness & Mutations

Your serpentine skin is tough. (AC +3)
You have supernaturally acute eyesight. (SInv)
Armour fits poorly on your strangely shaped body.
Your system is resistant to poisons. (rPois)
You cover ground very slowly.
You can spit poison.
You have a snake-like lower body.


   Skills:
 - Level 8.1(13.1) Fighting
 + Level 12.4(17.4) Ranged Weapons
 - Level 1.9(6.9) Armour
 - Level 5.2(10.2) Dodging
 - Level 1.5(6.5) Stealth
 - Level 4.0 Invocations


You had 10 spell levels left.
You didn't know any spells.
Your spell library was empty.

Inventory:

Hand Weapons
 Y - a +0 arbalest (weapon)
Armour
 c - a +0 leather armour of fire resistance
 h - a +1 helmet (worn)
 n - the +1 robe "Biunuut" (worn) {rF- rN+ Will+++ Archmagi}
   (You found it on level 7 of the Dungeon)

   rF:        It makes you vulnerable to fire.
   rN:        It protects you from negative energy.
   Archmagi:  It increases the power of your magical spells.
   Will:      It greatly increases your willpower.
 p - +0 steam dragon scales
Jewellery
 e - a +6 ring of dexterity (left hand)
 g - a ring of protection from fire
 i - a +5 ring of evasion (right hand)
Scrolls
 a - a scroll of identify
 m - a scroll of teleportation
Potions
 b - a potion of magic {unknown}
 d - a potion of cancellation {unknown}
 f - a potion of haste {unknown}
 j - a potion of resistance {unknown}
 k - a potion of might
 l - a potion of heal wounds
 o - a potion of mutation {unknown}
 q - a potion of attraction {unknown}

Dungeon Overview and Level Annotations

Branches:
Dungeon (9/15)             Temple (0/1) D:6            Lair (1/5) D:9
  Sewer (visited)
    Orc: D:9-12

Altars:
Elyvilon
Fedhas
Okawaru
Ru
Yredelemnul

Shops:
D:3 *   D:7 :

Annotations:
D:6 1 transporter, qw's ghost, novice GrFi


Message History

Aiming: Spit Poison (1% risk of failure)
Press: ? - help, Shift-Dir - straight line, f/p - bullfrog The splash of poison hits the bullfrog!
The bullfrog looks even sicker.
The bullfrog is severely wounded.
The bullfrog completely misses you.
You shoot a bolt. The bolt hits the bullfrog!!
You kill the bullfrog!
Okawaru accepts your kill.
You shoot a bolt. The bolt hits the four-headed hydra!
The four-headed hydra is lightly wounded.
You have got your breath back.
The four-headed hydra bites you. The four-headed hydra bites you! x2
The four-headed hydra bites you.
10339 ||| INVOKING Spit Poison.
Aiming: Spit Poison (1% risk of failure)
Press: ? - help, Shift-Dir - straight line, f - komodo dragon, p - four-headed hydra The splash of poison misses the komodo dragon.
The four-headed hydra barely misses you.
The four-headed hydra closely misses you.
The four-headed hydra barely misses you.
The four-headed hydra closely misses you.
You shoot a bolt. The bolt hits the four-headed hydra!!
The four-headed hydra is heavily wounded.
The komodo dragon bites you!! The four-headed hydra bites you! x2
The four-headed hydra completely misses you.
The four-headed hydra barely misses you.
You shoot a bolt.
The bolt hits the four-headed hydra but does no damage.
The four-headed hydra is heavily wounded.
You have got your breath back.
The komodo dragon barely misses you. The four-headed hydra bites you!
The four-headed hydra bites you but does no damage.
The four-headed hydra misses you. x2
10342 ||| READING 2 scrolls of teleportation.
As you read the scroll of teleportation, it crumbles to dust.
You feel strangely unstable. The komodo dragon barely misses you.
The four-headed hydra barely misses you.
The four-headed hydra bites you! x2
You die...

.......#..[......
................
............ ...
.......#... ...
.#..P##.P.##..
..........#.# ..
~~~~~~~...%# ....
#~~<..@##.....
#~~...Dl......
~~¤~¤~.#..##.....
........#.........
#.P#¤..##...#####P
....#.# #....#
###... .......
#... ........ ##.
##...####.


You could see a four-headed hydra and a komodo dragon.

Vanquished Creatures
  A two-headed ogre (D:9)
  Pikel (D:8)
  A deep elf pyromancer (D:6)
  Psyche (D:8)
  A kobold demonologist (D:9)
  A hornet (D:8)
  Grinder (D:3)
  Prince Ribbit (D:8)
  A shadow (D:9)
  2 wyverns (D:9)
  A steam dragon (D:8)
  Edmund (D:4)
  A water moccasin (D:7)
  An acid dragon (D:9)
  2 sky beasts (D:8)
  3 ice beasts
  An orc warrior (D:7)
  3 ogres
  2 black bears (D:6)
  5 centaurs
  2 kobold brigands (D:7)
  7 bullfrogs
  6 scorpions
  4 wights (D:6)
  15 killer bees
  2 hounds
  3 orc priests
  4 jellies
  4 iguanas
  7 orc wizards
  2 sleepcaps
  Robin (D:2)
  4 gnolls (D:4)
  20 adders
  2 river rats (D:3)
  2 white imps
  An ufetubus (D:4)
  3 worms (D:3)
  2 dart slugs
  24 orcs
  7 endoplasms
  11 giant cockroaches
  12 goblins
  10 hobgoblins
  A jackal (D:3)
  5 quokkas
  12 ball pythons
  10 bats
  8 frilled lizards
  17 kobolds
  5 rats
  A spectral orc (D:3)
245 creatures vanquished.

Notes
Turn   | Place    | Note
-------+----------+-------------------------------------------
     0 | D:1      | qw the Naga Hunter began the quest for the Orb.
     0 | D:1      | Reached XP level 1. HP: 19/19 MP: 1/1
     0 | D:1      | 0 ||| qw: Version: 0.2-a-29-gc1b59c4
     0 | D:1      | 0 ||| qw: Game counter: 4217
     0 | D:1      | 0 ||| qw: Always use a shield: true
     0 | D:1      | 0 ||| qw: God list: Okawaru
     0 | D:1      | 0 ||| qw: Allow faded altars: false
     0 | D:1      | 0 ||| qw: Do Orc after D:15 true
     0 | D:1      | 0 ||| qw: Do second Lair branch before Depths: true
     0 | D:1      | 0 ||| qw: Lair rune preference: random
     0 | D:1      | 0 ||| qw: Plans: Normal
     0 | D:1      | 0 ||| PLANNING D:1-11
    62 | D:1      | 62 ||| INVOKING Spit Poison.
    97 | D:1      | 97 ||| INVOKING Spit Poison.
   100 | D:1      | 100 ||| INVOKING Spit Poison.
   106 | D:1      | 106 ||| INVOKING Spit Poison.
   133 | D:1      | 133 ||| INVOKING Spit Poison.
   135 | D:1      | Reached skill level 4 in Ranged Weapons
   135 | D:1      | Reached XP level 2. HP: 26/26 MP: 2/2
   143 | D:1      | 143 ||| INVOKING Spit Poison.
   149 | D:1      | 149 ||| INVOKING Spit Poison.
   154 | D:1      | 154 ||| INVOKING Spit Poison.
   269 | D:1      | 269 ||| INVOKING Spit Poison.
   476 | D:1      | 476 ||| INVOKING Spit Poison.
   529 | D:1      | 529 ||| INVOKING Spit Poison.
   688 | D:1      | 688 ||| INVOKING Spit Poison.
   689 | D:1      | 689 ||| INVOKING Spit Poison.
  1022 | D:1      | 1022 ||| READING 2 scrolls labelled ESIMEU SAETH.
  1023 | D:1      | 1023 ||| READING scroll labelled NERARH ICRO.
  1024 | D:1      | 1024 ||| DROPPING scroll of butterflies.
  1070 | D:2      | 1070 ||| INVOKING Spit Poison.
  1076 | D:2      | 1076 ||| INVOKING Spit Poison.
  1079 | D:2      | HP: 6/26 [goblin/+0 club (3)]
  1081 | D:2      | HP: 1/26 [goblin/+0 club (3)]
  1082 | D:2      | 1082 ||| INVOKING Spit Poison.
  1083 | D:2      | Reached XP level 3. HP: 1/32 MP: 3/3
  1246 | D:2      | 1246 ||| INVOKING Spit Poison.
  1259 | D:2      | 1259 ||| INVOKING Spit Poison.
  1263 | D:2      | 1263 ||| INVOKING Spit Poison.
  1310 | D:2      | 1310 ||| INVOKING Spit Poison.
  1313 | D:2      | 1313 ||| INVOKING Spit Poison.
  1341 | D:2      | 1341 ||| INVOKING Spit Poison.
  1351 | D:2      | 1351 ||| INVOKING Spit Poison.
  1361 | D:2      | 1361 ||| INVOKING Spit Poison.
  1395 | D:2      | 1395 ||| INVOKING Spit Poison.
  1400 | D:2      | 1400 ||| INVOKING Spit Poison.
  1405 | D:2      | 1405 ||| INVOKING Spit Poison.
  1409 | D:2      | 1409 ||| INVOKING Spit Poison.
  1410 | D:2      | Reached skill level 5 in Ranged Weapons
  1457 | D:2      | Reached XP level 4. HP: 39/39 MP: 4/4
  1474 | D:2      | 1474 ||| INVOKING Spit Poison.
  1485 | D:2      | 1485 ||| INVOKING Spit Poison.
  1550 | D:2      | 1550 ||| INVOKING Spit Poison.
  1576 | D:2      | 1576 ||| INVOKING Spit Poison.
  1581 | D:2      | 1581 ||| INVOKING Spit Poison.
  1581 | D:2      | Noticed Robin
  1586 | D:2      | 1586 ||| INVOKING Spit Poison.
  1592 | D:2      | 1592 ||| INVOKING Spit Poison.
  1596 | D:2      | 1596 ||| INVOKING Spit Poison.
  1597 | D:2      | Killed Robin
  1599 | D:2      | 1599 ||| INVOKING Spit Poison.
  1600 | D:2      | 1600 ||| INVOKING Spit Poison.
  1604 | D:2      | 1604 ||| INVOKING Spit Poison.
  1607 | D:2      | 1607 ||| INVOKING Spit Poison.
  1831 | D:2      | 1831 ||| UPGRADING to +1 animal skin.
  1841 | D:2      | 1841 ||| DROPPING +0 leather armour.
  1842 | D:2      | 1842 ||| UPGRADING to +0 helmet.
  1847 | D:2      | 1847 ||| DROPPING ring of flight.
  1848 | D:2      | 1848 ||| READING scroll labelled CEVIRU WILYODGH.
  1849 | D:2      | 1849 ||| DRINKING 2 murky green potions.
  1850 | D:2      | 1850 ||| DROPPING potion of enlightenment.
  1858 | D:3      | 1858 ||| PLANNING SEWER
  1872 | D:3      | Found Fohar's General Store.
  1881 | D:3      | 1881 ||| BUYING +0 leather armour of fire resistance (117
                  | gold).
  1881 | D:3      | Bought a +0 leather armour of fire resistance for 117 gold
                  | pieces
  1881 | D:3      | 1881 ||| SHOPLISTING ring of willpower (325 gold, have 11).
  1881 | D:3      | 1881 ||| SHOPLISTING scroll of enchant weapon (97 gold,
                  | have 11).
  1881 | D:3      | 1881 ||| SHOPLISTING scroll of identify (26 gold, have 11).
  1899 | D:3      | 1899 ||| INVOKING Spit Poison.
  1900 | D:3      | 1900 ||| INVOKING Spit Poison.
  1902 | D:3      | Reached skill level 3 in Fighting
  1905 | D:3      | 1905 ||| INVOKING Spit Poison.
  1910 | D:3      | 1910 ||| INVOKING Spit Poison.
  1916 | D:3      | 1916 ||| INVOKING Spit Poison.
  1918 | D:3      | Reached XP level 5. HP: 39/49 MP: 5/5
  1959 | D:3      | 1959 ||| INVOKING Spit Poison.
  1962 | D:3      | 1962 ||| INVOKING Spit Poison.
  1966 | D:3      | 1966 ||| INVOKING Spit Poison.
  1984 | D:3      | 1984 ||| INVOKING Spit Poison.
  1987 | D:3      | 1987 ||| INVOKING Spit Poison.
  2012 | D:3      | 2012 ||| INVOKING Spit Poison.
  2018 | D:3      | 2018 ||| INVOKING Spit Poison.
  2022 | D:3      | 2022 ||| INVOKING Spit Poison.
  2109 | D:3      | Found a glowing drain.
  2110 | D:3      | 2110 ||| UPGRADING to +0 leather armour of fire resistance.
  2120 | D:3      | 2120 ||| READING scroll labelled GUASAL HEQUASH.
  2128 | Sewer    | Entered a sewer
  2134 | Sewer    | 2134 ||| INVOKING Spit Poison.
  2138 | Sewer    | 2138 ||| INVOKING Spit Poison.
  2144 | Sewer    | 2144 ||| INVOKING Spit Poison.
  2150 | Sewer    | 2150 ||| INVOKING Spit Poison.
  2158 | Sewer    | 2158 ||| INVOKING Spit Poison.
  2164 | Sewer    | 2164 ||| INVOKING Spit Poison.
  2180 | Sewer    | 2180 ||| INVOKING Spit Poison.
  2203 | Sewer    | 2203 ||| INVOKING Spit Poison.
  2207 | Sewer    | 2207 ||| INVOKING Spit Poison.
  2214 | Sewer    | 2214 ||| INVOKING Spit Poison.
  2264 | Sewer    | 2264 ||| INVOKING Spit Poison.
  2272 | Sewer    | 2272 ||| INVOKING Spit Poison.
  2287 | Sewer    | 2287 ||| INVOKING Spit Poison.
  2297 | Sewer    | 2297 ||| INVOKING Spit Poison.
  2323 | Sewer    | 2323 ||| INVOKING Spit Poison.
  2327 | Sewer    | Reached skill level 6 in Ranged Weapons
  2327 | Sewer    | Reached XP level 6. HP: 56/56 MP: 6/6
  2341 | Sewer    | 2341 ||| INVOKING Spit Poison.
  2347 | Sewer    | 2347 ||| INVOKING Spit Poison.
  2350 | Sewer    | 2350 ||| INVOKING Spit Poison.
  2356 | Sewer    | HP: 13/57 [bullfrog (3)]
  2357 | Sewer    | 2357 ||| INVOKING Spit Poison.
  2360 | Sewer    | 2360 ||| INVOKING Spit Poison.
  2360 | Sewer    | HP: 6/57 [bullfrog (5)]
  2756 | Sewer    | 2756 ||| UPGRADING to +6 ring of dexterity.
  2757 | Sewer    | 2757 ||| READING scroll labelled SIECRYMPUY.
  2821 | D:3      | 2821 ||| PLANNING D:1-11
  2868 | D:3      | 2868 ||| INVOKING Spit Poison.
  2878 | D:3      | 2878 ||| INVOKING Spit Poison.
  2884 | D:3      | 2884 ||| INVOKING Spit Poison.
  2890 | D:3      | 2890 ||| INVOKING Spit Poison.
  2907 | D:3      | 2907 ||| INVOKING Spit Poison.
  2912 | D:3      | 2912 ||| INVOKING Spit Poison.
  2928 | D:3      | 2928 ||| INVOKING Spit Poison.
  2950 | D:3      | 2950 ||| INVOKING Spit Poison.
  2971 | D:3      | 2971 ||| INVOKING Spit Poison.
  3028 | D:3      | 3028 ||| INVOKING Spit Poison.
  3133 | D:3      | Found a basalt altar of Yredelemnul.
  3187 | D:3      | 3187 ||| INVOKING Spit Poison.
  3195 | D:3      | 3195 ||| INVOKING Spit Poison.
  3282 | D:3      | 3282 ||| INVOKING Spit Poison.
  3311 | D:3      | 3311 ||| INVOKING Spit Poison.
  3312 | D:3      | Noticed Grinder
  3324 | D:3      | Paralysed by Grinder for 5 turns
  3337 | D:3      | Killed Grinder
  3338 | D:3      | Reached XP level 7. HP: 31/66 MP: 7/7
  3463 | D:3      | Reached skill level 7 in Ranged Weapons
  3502 | D:3      | 3502 ||| READING 2 scrolls of identify.
  3502 | D:3      | 3502 ||| IDENTIFYING bubbling emerald potion
  3503 | D:3      | 3503 ||| DROPPING potion of lignification.
  3550 | D:4      | 3550 ||| INVOKING Spit Poison.
  3557 | D:4      | 3557 ||| INVOKING Spit Poison.
  3561 | D:4      | 3561 ||| INVOKING Spit Poison.
  3567 | D:4      | 3567 ||| INVOKING Spit Poison.
  3571 | D:4      | 3571 ||| INVOKING Spit Poison.
  3576 | D:4      | 3576 ||| INVOKING Spit Poison.
  3689 | D:4      | 3689 ||| INVOKING Spit Poison.
  3739 | D:4      | 3739 ||| INVOKING Spit Poison.
  3745 | D:4      | Noticed Edmund
  3746 | D:4      | 3746 ||| INVOKING Spit Poison.
  3749 | D:4      | 3749 ||| INVOKING Spit Poison.
  3753 | D:4      | 3753 ||| INVOKING Spit Poison.
  3756 | D:4      | 3756 ||| INVOKING Spit Poison.
  3758 | D:4      | Killed Edmund
  3921 | D:4      | 3921 ||| INVOKING Spit Poison.
  3922 | D:4      | 3922 ||| Stepping ~*~*~tactically~*~*~ (outnumbered).
  3925 | D:4      | 3925 ||| INVOKING Spit Poison.
  3928 | D:4      | 3928 ||| INVOKING Spit Poison.
  3933 | D:4      | 3933 ||| INVOKING Spit Poison.
  3934 | D:4      | Reached XP level 8. HP: 52/73 MP: 8/8
  4005 | D:4      | 4005 ||| INVOKING Spit Poison.
  4011 | D:4      | 4011 ||| INVOKING Spit Poison.
  4013 | D:4      | Reached skill level 8 in Ranged Weapons
  4015 | D:4      | 4015 ||| INVOKING Spit Poison.
  4193 | D:4      | 4193 ||| INVOKING Spit Poison.
  4198 | D:4      | 4198 ||| INVOKING Spit Poison.
  4202 | D:4      | 4202 ||| INVOKING Spit Poison.
  4364 | D:4      | 4364 ||| INVOKING Spit Poison.
  4367 | D:4      | 4367 ||| INVOKING Spit Poison.
  4374 | D:4      | 4374 ||| INVOKING Spit Poison.
  4430 | D:4      | 4430 ||| INVOKING Spit Poison.
  4546 | D:4      | 4546 ||| INVOKING Spit Poison.
  4681 | D:4      | 4681 ||| INVOKING Spit Poison.
  4731 | D:4      | 4731 ||| UPGRADING to +5 ring of evasion.
  4732 | D:4      | 4732 ||| READING scroll labelled DOGOYGGOAP.
  4777 | D:5      | Entered Level 5 of the Dungeon
  4888 | D:5      | 4888 ||| INVOKING Spit Poison.
  4894 | D:5      | 4894 ||| INVOKING Spit Poison.
  4895 | D:5      | Reached skill level 3 in Dodging
  4918 | D:5      | 4918 ||| SWAPPING to +0 arbalest.
  4919 | D:5      | 4919 ||| INVOKING Spit Poison.
  4924 | D:5      | 4924 ||| INVOKING Spit Poison.
  4928 | D:5      | 4928 ||| INVOKING Spit Poison.
  4932 | D:5      | 4932 ||| DROPPING +0 shortbow.
  4937 | D:5      | 4937 ||| INVOKING Spit Poison.
  5015 | D:5      | 5015 ||| INVOKING Spit Poison.
  5023 | D:5      | 5023 ||| INVOKING Spit Poison.
  5136 | D:5      | Found an iron altar of Okawaru.
  5137 | D:5      | 5137 ||| PLANNING OKAWARU WORSHIP
  5137 | D:5      | 5137 ||| READING scroll labelled VEXANW DEEBYISH.
  5144 | D:5      | Became a worshipper of Warmaster Okawaru
  5144 | D:5      | 5144 ||| PLANNING D:1-11
  5223 | D:5      | Reached skill level 9 in Ranged Weapons
  5307 | D:5      | Reached skill level 1 in Armour
  5307 | D:5      | Reached XP level 9. HP: 81/81 MP: 9/9
  5455 | D:5      | 5455 ||| INVOKING Spit Poison.
  5458 | D:5      | 5458 ||| INVOKING Spit Poison.
  5763 | D:6      | Noticed qw's ghost (novice GrFi)
  5763 | D:6      | Identified the +1 great mace of Satyriasis {flame, Will+
                  | Str+2}
  5763 | D:6      | Noticed a two-headed ogre
  5763 | D:6      | Found a transporter.
  5812 | D:6      | 5812 ||| INVOKING Spit Poison.
  5817 | D:6      | 5817 ||| Stepping ~*~*~tactically~*~*~ (outnumbered).
  5818 | D:6      | 5818 ||| INVOKING Spit Poison.
  5822 | D:6      | Reached skill level 6 in Fighting
  5823 | D:6      | 5823 ||| INVOKING Spit Poison.
  6017 | D:6      | 6017 ||| INVOKING Spit Poison.
  6045 | D:6      | 6045 ||| INVOKING Spit Poison.
  6046 | D:6      | 6046 ||| INVOKING Spit Poison.
  6048 | D:6      | Reached * piety under Okawaru
  6123 | D:6      | 6123 ||| INVOKING Spit Poison.
  6169 | D:6      | Noticed a deep elf pyromancer
  6170 | D:6      | 6170 ||| INVOKING Spit Poison.
  6174 | D:6      | Killed a deep elf pyromancer
  6276 | D:6      | 6276 ||| INVOKING Heroism.
  6278 | D:6      | 6278 ||| INVOKING Spit Poison.
  6283 | D:6      | Reached skill level 10 in Ranged Weapons
  6283 | D:6      | Reached skill level 3 in Invocations
  6308 | D:6      | 6308 ||| INVOKING Spit Poison.
  6326 | D:6      | 6326 ||| INVOKING Spit Poison.
  6329 | D:6      | 6329 ||| INVOKING Spit Poison.
  6369 | D:6      | Found a blossoming altar of Fedhas.
  6370 | D:6      | Found a sacrificial altar of Ru.
  6422 | D:6      | Found a staircase to the Ecumenical Temple.
  6615 | D:7      | 6615 ||| INVOKING Spit Poison.
  6619 | D:7      | 6619 ||| INVOKING Spit Poison.
  6654 | D:7      | 6654 ||| READING scroll of enchant armour.
  6654 | D:7      | 6654 ||| ENCHANTING +0 helmet.
  6726 | D:7      | 6726 ||| INVOKING Heroism.
  6727 | D:7      | 6727 ||| INVOKING Spit Poison.
  6759 | D:7      | 6759 ||| INVOKING Spit Poison.
  6764 | D:7      | Found Faz Gulo's Vocational Training.
  6765 | D:7      | 6765 ||| INVOKING Spit Poison.
  6769 | D:7      | 6769 ||| INVOKING Spit Poison.
  6820 | D:7      | 6820 ||| INVOKING Spit Poison.
  6830 | D:7      | 6830 ||| INVOKING Heroism.
  6844 | D:7      | 6844 ||| INVOKING Spit Poison.
  7054 | D:7      | 7054 ||| INVOKING Spit Poison.
  7067 | D:7      | 7067 ||| INVOKING Spit Poison.
  7071 | D:7      | 7071 ||| INVOKING Heroism.
  7073 | D:7      | 7073 ||| INVOKING Spit Poison.
  7074 | D:7      | 7074 ||| INVOKING Spit Poison.
  7075 | D:7      | Reached XP level 10. HP: 92/92 MP: 10/13
  7100 | D:7      | 7100 ||| INVOKING Spit Poison.
  7111 | D:7      | 7111 ||| INVOKING Spit Poison.
  7115 | D:7      | 7115 ||| INVOKING Spit Poison.
  7120 | D:7      | 7120 ||| INVOKING Spit Poison.
  7123 | D:7      | 7123 ||| INVOKING Heroism.
  7124 | D:7      | 7124 ||| INVOKING Spit Poison.
  7130 | D:7      | 7130 ||| INVOKING Spit Poison.
  7529 | D:7      | 7529 ||| READING scroll labelled QOUMME VEMYA.
  7532 | D:7      | 7532 ||| READING scroll labelled WYOFAKK VIDUUDE.
  7656 | D:7      | Identified the +1 robe "Biunuut" {rF- rN+ Will+++ Archmagi}
  7670 | D:7      | 7670 ||| UPGRADING to +1 robe "Biunuut" {rF- rN+ Will+++
                  | Archmagi}.
  7734 | D:8      | 7734 ||| INVOKING Spit Poison.
  7736 | D:8      | 7736 ||| Stepping ~*~*~tactically~*~*~ (outnumbered).
  7739 | D:8      | 7739 ||| INVOKING Spit Poison.
  7742 | D:8      | 7742 ||| INVOKING Spit Poison.
  7745 | D:8      | 7745 ||| INVOKING Spit Poison.
  7749 | D:8      | 7749 ||| INVOKING Heroism.
  7750 | D:8      | 7750 ||| INVOKING Spit Poison.
  7753 | D:8      | 7753 ||| INVOKING Spit Poison.
  7758 | D:8      | 7758 ||| INVOKING Spit Poison.
  7763 | D:8      | 7763 ||| INVOKING Spit Poison.
  7764 | D:8      | Reached skill level 11 in Ranged Weapons
  7962 | D:8      | Found a white marble altar of Elyvilon.
  8002 | D:8      | 8002 ||| INVOKING Spit Poison.
  8006 | D:8      | 8006 ||| INVOKING Spit Poison.
  8009 | D:8      | 8009 ||| INVOKING Heroism.
  8012 | D:8      | 8012 ||| INVOKING Spit Poison.
  8017 | D:8      | 8017 ||| INVOKING Spit Poison.
  8020 | D:8      | 8020 ||| INVOKING Spit Poison.
  8178 | D:8      | Noticed Psyche
  8179 | D:8      | 8179 ||| INVOKING Heroism.
  8182 | D:8      | 8182 ||| INVOKING Spit Poison.
  8185 | D:8      | 8185 ||| INVOKING Spit Poison.
  8191 | D:8      | 8191 ||| INVOKING Spit Poison.
  8194 | D:8      | Killed Psyche
  8302 | D:8      | Noticed Prince Ribbit
  8304 | D:8      | 8304 ||| INVOKING Spit Poison.
  8305 | D:8      | Killed Prince Ribbit
  8305 | D:8      | Reached ** piety under Okawaru
  8305 | D:8      | Noticed Pikel
  8308 | D:8      | 8308 ||| INVOKING Spit Poison.
  8312 | D:8      | 8312 ||| INVOKING Spit Poison.
  8314 | D:8      | Killed Pikel
  8472 | D:8      | 8472 ||| INVOKING Spit Poison.
  8520 | D:8      | 8520 ||| INVOKING Heroism.
  8690 | D:8      | 8690 ||| INVOKING Spit Poison.
  8924 | D:8      | 8924 ||| INVOKING Spit Poison.
  8929 | D:8      | 8929 ||| INVOKING Spit Poison.
  9065 | D:8      | 9065 ||| DROPPING +1 animal skin.
  9066 | D:8      | 9066 ||| DRINKING 2 viscous inky potions.
  9083 | D:9      | Noticed a kobold demonologist
  9084 | D:9      | 9084 ||| INVOKING Spit Poison.
  9087 | D:9      | 9087 ||| INVOKING Spit Poison.
  9088 | D:9      | 9088 ||| Stepping ~*~*~tactically~*~*~ (outnumbered).
  9095 | D:9      | 9095 ||| INVOKING Heroism.
  9101 | D:9      | 9101 ||| INVOKING Spit Poison.
  9101 | D:9      | Killed a kobold demonologist
  9234 | D:9      | 9234 ||| INVOKING Spit Poison.
  9327 | D:9      | 9327 ||| INVOKING Spit Poison.
  9332 | D:9      | Reached XP level 11. HP: 103/103 MP: 14/14
  9333 | D:9      | 9333 ||| INVOKING Spit Poison.
  9338 | D:9      | 9338 ||| Stepping ~*~*~tactically~*~*~ (outnumbered).
  9340 | D:9      | 9340 ||| INVOKING Spit Poison.
  9344 | D:9      | 9344 ||| INVOKING Spit Poison.
  9438 | D:9      | 9438 ||| INVOKING Spit Poison.
  9466 | D:9      | Identified the +7 chain mail of the Hippo {Rampage rPois}
  9482 | D:9      | Noticed a two-headed ogre
  9483 | D:9      | 9483 ||| INVOKING Heroism.
  9486 | D:9      | 9486 ||| INVOKING Spit Poison.
  9489 | D:9      | 9489 ||| INVOKING Spit Poison.
  9490 | D:9      | Killed a two-headed ogre
  9491 | D:9      | Reached skill level 12 in Ranged Weapons
  9664 | D:9      | 9664 ||| INVOKING Spit Poison.
  9985 | D:9      | 9985 ||| INVOKING Spit Poison.
  9990 | D:9      | 9990 ||| INVOKING Spit Poison.
 10115 | D:9      | Found a staircase to the Lair.
 10258 | D:9      | 10258 ||| PLANNING LAIR
 10258 | D:9      | 10258 ||| DRINKING 2 glowing red potions.
 10326 | Lair:1   | Entered Level 1 of the Lair of Beasts
 10332 | Lair:1   | 10332 ||| INVOKING Spit Poison.
 10333 | Lair:1   | Noticed a four-headed hydra
 10334 | Lair:1   | 10334 ||| INVOKING Heroism.
 10336 | Lair:1   | 10336 ||| INVOKING Spit Poison.
 10339 | Lair:1   | 10339 ||| INVOKING Spit Poison.
 10341 | Lair:1   | HP: 21/103 [four-headed hydra (9)]
 10342 | Lair:1   | 10342 ||| READING 2 scrolls of teleportation.
 10342 | Lair:1   | Slain by a four-headed hydra

Levels and vault maps discovered:
D:1:      minmay_arrival_diagonal_passages, layout_basic,
          kennysheep_another_room, chequers_mini_garden
D:2:      kennysheep_big_flooded_room, layout_basic, uniq_robin
D:3:      layout_basic, yredelemnul_forgotten_temple_becter,
          lightli_sewer_entry_pipes, serial_shops, shop,
          chequers_serial_rivers_large_b, minmay_diced_spiral, uniq_grinder
D:4:      layout_cave_pods, uniq_edmund
D:5:      minmay_skewed_foursquare, layout_basic, okawaru_metal_pillars_1_2
D:6:      layout_cave_pools, gammafunk_temple_overflow_statue,
          minmay_temple_entry_from_below_a, gammafunk_ghost_smash,
          serial_park_tiny_2, minmay_misc_feat_four_crosses,
          chequers_serial_rivers_micro_a, guppyfry_early_elven_hall
D:7:      layout_gridville, nicolae_shop_vocational
D:8:      layout_layer_cave, elyvilon_altar_5, minmay_manual_mares, uniq_pikel,
          uniq_prince_ribbit1, uniq_psyche
D:9:      layout_basic, lair_entry_dummy, kennysheep_flooded_box
Lair:1:   layout_gridlike

Skill      XL: |  1  2  3  4  5  6  7  8  9 10 11 |
---------------+----------------------------------+-----
Ranged Weapons | 4 5 6 7 9 10 11 12 | 12.4
Fighting       | 3 4 5 6 8 |  8.1
Dodging        | 2 3 4 5 |  5.2
Armour         | 1 |  1.9
Invocations    | 4 |  4.0
Stealth        | |  1.5

Action                     |  1- 3 |  4- 6 |  7- 9 | 10-12 || total
---------------------------+-------+-------+-------+-------++-------
   Fire: Shortbow          |    69 |   208 |   108 |       ||   385
         Arbalest          |       |       |   119 |   160 ||   279
 Invoke: Heroism           |       |       |     4 |     8 ||    12
Ability: Spit Poison       |    27 |    57 |    60 |    46 ||   190
    Use: Scroll            |     2 |     3 |     4 |     3 ||    12
         Potion            |       |     1 |       |     2 ||     3
 Armour: Leather armour    |    11 |    26 |    13 |    12 ||    62
         Animal skin       |       |    11 |       |       ||    11
         Robe              |       |       |       |    33 ||    33
  Dodge: Dodged            |    24 |    66 |    83 |   283 ||   456

Table legend:
 A = Non-vault XP
 B = Vault XP
 C = Vault XP percentage of total XP
 D = Non-vault monster count
 E = Vault monster count
 F = Vault count percentage of total count
                 A         B        C        D         E       F
            +---------+---------+-------+---------+---------+-------
      Total |    7691 |    3233 |  29.6 |     180 |      65 |  26.5
            +---------+---------+-------+---------+---------+-------
        D:1 |      28 |       0 |   0.0 |      16 |       0 |   0.0
        D:2 |      70 |      37 |  34.6 |      27 |      13 |  32.5
        D:3 |      61 |     406 |  86.9 |      16 |      16 |  50.0
        D:4 |     526 |     166 |  24.0 |      28 |       1 |   3.4
        D:5 |     571 |     291 |  33.8 |      11 |       4 |  26.7
        D:6 |     833 |     565 |  40.4 |      18 |       1 |   5.3
        D:7 |    1632 |       0 |   0.0 |      32 |       0 |   0.0
        D:8 |    1551 |    1508 |  49.3 |      17 |       5 |  22.7
        D:9 |    2334 |       0 |   0.0 |      14 |       0 |   0.0
     Lair:1 |      85 |       0 |   0.0 |       1 |       0 |   0.0
      Sewer |       0 |     260 | 100.0 |       0 |      25 | 100.0
            +---------+---------+-------+---------+---------+-------
